 Dungeon Crawl Stone Soup version 0.31-a0-37-g98a128e1d9 (webtiles) character file.

Game seed: 13654265794817813350

8503 ytrimaz the Nimble (level 11, 0/92 HPs)
             Began as a Gnoll Wanderer on May 15, 2023.
             Was a Believer of Ashenzari.
             Slain by a slime creature (5 damage)
             ... on level 11 of the Dungeon.
             The game lasted 00:13:49 (10310 turns).

ytrimaz the Nimble (Gnoll Wanderer)                Turns: 10310, Time: 00:13:50

Health: 0/92       AC: 12    Str: 14    XL:     11   Next: 31%
Magic:  23/23      EV: 16    Int: 12    God:    Ashenzari [**....]
Gold:   403        SH:  5    Dex: 19    Spells: 26/26 levels left

rFire   . . .        a - +1 war axe
rCold   . . .        (no shield)
rNeg    . . .        f - +2 ring mail {Will+}
rPois   +            b - +0 helmet "Per Aspera Ad Scientiam" {Fort, Alch} (curse)
rElec   .            (no cloak)
rCorr   .            t - +0 pair of gloves "Perceptive Visionary" {Bglg, Alch} (curse)
SInv    +            B - +0 pair of boots of Toth-Mos's Legacy {Self, Elem} (curse)
Will    +....        r - amulet of reflection
Stlth   +++          i - ring "Nomyniki" {Fly Str-2 Dex+8}
HPRegen 0.35/turn    o - ring "Cosmic Jealousy" {rPois, Melee, Comp} (curse)
MPRegen 0.18/turn

%: reflection
@: flying
A: fangs 1, strong nose, distributed training
a: Renounce Religion, Curse Item, Shatter the Chains


You were on level 11 of the Dungeon.
You worshipped Ashenzari.
Ashenzari was pleased with you.
You visited 2 branches of the dungeon, and saw 12 of its levels.

You collected 403 gold pieces.


Innate Abilities, Weirdness & Mutations

You have very sharp teeth.
Your uncanny sense of smell can sniff out nearby items.
Your experience applies equally to all skills.


   Skills:
 + Level 9.6(10.7) Fighting
 + Level 6.8(8.0) Short Blades
 + Level 6.8(8.0) Long Blades
 + Level 9.6(10.7) Axes
 + Level 6.8(8.0) Maces & Flails
 + Level 6.8(8.0) Polearms
 + Level 6.8(8.0) Staves
 + Level 6.8 Ranged Weapons
 + Level 6.8 Throwing
 + Level 6.8(8.0) Armour
 + Level 9.6 Dodging
 + Level 6.8 Stealth
 + Level 6.8(8.0) Shields
 + Level 6.8(8.0) Unarmed Combat
 + Level 6.8(8.0) Spellcasting
 + Level 5.7(6.8) Conjurations
 + Level 5.7(6.8) Hexes
 + Level 5.7(6.8) Summonings
 + Level 5.7(6.8) Necromancy
 + Level 5.7(6.8) Translocations
 + Level 5.7(7.4) Transmutations
 + Level 5.7(6.8) Fire Magic
 + Level 5.7(6.8) Ice Magic
 + Level 5.7(6.8) Air Magic
 + Level 5.7(6.8) Earth Magic
 + Level 5.7(7.4) Poison Magic
 + Level 8.0 Invocations
 + Level 6.8 Evocations


You had 26 spell levels left.
You didn't know any spells.
Your spell library contained the following spells:

 Spells                   Type           Power      Damage    Failure   Level
 Apportation              Tloc           42%        N/A       1%          1
 Lesser Beckoning         Tloc           42%        N/A       2%          2
 Gell's Gravitas          Tloc           21%        N/A       4%          3
 Teleport Other           Tloc           21%        N/A       4%          3
 Tukima's Dance           Hex            21%        N/A       4%          3
 Passage of Golubria      Tloc           21%        N/A       16%         4
 Alistair's Intoxication  Tmut/Pois      14%        N/A       34%         5
 Yara's Violent Unravell  Hex/Tmut       11%        3d6       36%         5
 Conjure Ball Lightning   Conj/Air       10%        3x3d6     94%         6
 Discord                  Hex            10%        N/A       100%        8
 Disjunction              Tloc           10%        N/A       100%        8

Inventory:

Hand Weapons
 a - a +1 war axe (weapon)
 j - a +6 mace
   (You took it off an orc on level 4 of the Dungeon)
Armour
 b - the cursed +0 helmet "Per Aspera Ad Scientiam" (worn) {Fort, Alch}

   It has a curse which improves the following skills: Fortitude: Armour and
   Shields.
   Alchemy:   Poison Magic and Transmutations.
 d - a +0 leather armour
 f - a +2 ring mail of willpower (worn)
   (You found it on level 4 of the Dungeon)
 t - the cursed +0 pair of gloves "Perceptive Visionary" (worn) {Bglg, Alch}
   (You found it on level 3 of the Dungeon)

   It has a curse which improves the following skills: Beguiling: Conjurations,
   Hexes and Translocations.
   Alchemy:   Poison Magic and Transmutations.
 B - the cursed +0 pair of boots of Toth-Mos's Legacy (worn) {Self, Elem}
   (You found it on level 5 of the Dungeon)

   It has a curse which improves the following skills: Introspection: Fighting
   and Spellcasting.
   Elements:  Fire Magic, Ice Magic, Air Magic and Earth Magic.
Jewellery
 i - the ring "Nomyniki" (left hand) {Fly Str-2 Dex+8}
   (You found it on level 2 of the Dungeon)

   [ring of flight]

   Str:       It affects your strength (-2).
   Dex:       It affects your dexterity (+8).
   Fly:       It grants you flight.
 m - a ring of protection from cold
   (You found it on level 2 of the Dungeon)
 o - the cursed ring "Cosmic Jealousy" (right hand) {rPois, Melee, Comp}
   (You found it on level 7 of the Dungeon)

   [ring of poison resistance]

   rPois:     It protects you from poison.
   It has a curse which improves the following skills: Melee Combat: Short
   Blades, Long Blades, Axes, Maces & Flails, Polearms, Staves and Unarmed
   Combat.
   Companions: Summonings and Necromancy.
 r - an amulet of reflection (around neck)
   (You found it on level 3 of the Dungeon)
 y - a ring of magical power
   (You found it on level 5 of the Dungeon)
 H - a +4 ring of protection
   (You found it on level 10 of the Dungeon)
Wands
 F - a wand of polymorph (4)
   (You found it on level 9 of the Dungeon)
 J - a wand of charming (8)
   (You found it on level 10 of the Dungeon)
Scrolls
 c - a scroll of fear
 e - 2 scrolls of immolation
 k - 4 scrolls of magic mapping
 q - 2 scrolls of fog
 u - 3 scrolls of teleportation
 v - 6 scrolls of identify
 x - a scroll of enchant weapon
 C - a scroll of enchant armour
 D - a scroll of noise
 E - a scroll of poison
 G - a scroll of blinking
Potions
 g - 2 potions of might
 h - a potion of resistance
 l - 2 potions of curing
 n - 2 potions of attraction
 p - a potion of brilliance
 s - a potion of cancellation
 w - a potion of mutation
 z - 3 potions of flight
 A - a potion of experience
 I - a potion of heal wounds

Dungeon Overview and Level Annotations

Branches:
Dungeon (11/15) Zot: 26886  Temple (1/1) D:4 Zot: 5612     Orc (0/2) D:10
   Lair: D:8-11

Altars:
Ashenzari
Cheibriados
Dithmenos
Elyvilon
Fedhas
Gozag
Hepliaklqana
Kikubaaqudgha
Makhleb
Nemelex Xobeh
Okawaru
Qazlal
Ru
Sif Muna
Trog
Uskayaw
Vehumet
Wu Jian
Xom
Yredelemnul
Zin
The Shining One

Shops:
D:1 *   D:5 =

Portals:
Abyss: D:8

Annotations:
D:2 1 runed translucent door, Crazy Yiuf
D:4 2 transporters, Rexy's ghost, amateur GrFi
D:5 3 runed translucent doors, ryw's ghost, novice OpHW
D:8 2 transporters, osoart's ghost, novice DrTm

#########################
*
.........................,
##..............@J.......
#..############J..###### *
##..############.>.#
...................### *
.......................
..........!............. *
#..#############.#######
#..#* ** * #.# * #.. , ...
, ,, *


You could see 2 slime creatures.


Message History

The slime creature misses you. The slime creature hits you.
The slime creature misses you. The slime creature hits you. 😕 HP[-5]
You take 5 damage, and now have 70/92 hp.
Unknown command.
You hit the slime creature but do no damage.
You bite the slime creature, but do no damage.
You slash the slime creature! x3; You block the slime creature's attack.
The slime creature closely misses you.
You block the slime creature's attack. x2 😕 HP[+1]
You slash the slime creature! x2; You hit the slime creature. x2
The slime creature closely misses you.
The slime creature hits you but does no damage.
The slime creature hits you! 😮 HP[-9]
You take 9 damage, and now have 62/92 hp.
You slash the slime creature! x2; You hit the slime creature.
You barely miss the slime creature.
The slime creature jiggles.
The slime creature completely misses you.
The slime creature barely misses you.
The slime creature hits you but does no damage.
You block the slime creature's attack.
You are too injured to fight recklessly!
Unknown command.
You are too injured to fight recklessly!
You slash the slime creature! You barely miss the slime creature.
You slash the slime creature! You hit the slime creature.
The slime creature hits you!
The slime creature closely misses you. x3 😮 HP[-8]
You take 8 damage, and now have 54/92 hp.
You hit the slime creature. You barely miss the slime creature.
You hit the slime creature.
You hit the slime creature but do no damage.
The slime creature misses you.
The slime creature hits you but does no damage.
The slime creature barely misses you. You block the slime creature's attack.
You are too injured to fight recklessly!
You slash the slime creature!
You hit the slime creature but do no damage.
You slash the slime creature! You hit the slime creature.
The slime creature hits you. The slime creature barely misses you.
The slime creature hits you but does no damage.
The slime creature barely misses you. 😮 HP[-2]
You take 2 damage, and now have 52/92 hp.
Unknown command.
You are too injured to fight recklessly!
You hit the slime creature. You slash the slime creature!
You hit the slime creature but do no damage.
You slash the slime creature! The slime creature hits you!
* * * LOW HITPOINT WARNING * * *
The slime creature hits you!
* * * LOW HITPOINT WARNING * * *
You block the slime creature's attack.
The slime creature hits you but does no damage. 😨 HP[-22]
You take 22 damage, and now have 30/92 hp.
MASSIVE DAMAGE!! (PAUSE)
You slice the slime creature!!
You kill the slime creature!
You hit the slime creature. x2; You completely miss the slime creature.
The slime creature hits you but does no damage.
The slime creature barely misses you. The slime creature misses you.
The slime creature attacks as you move away!
The slime creature barely misses you. The slime creature hits you.
* * * LOW HITPOINT WARNING * * *
You block the slime creature's attack.
Unknown command. 😨 HP[-2]
You take 2 damage, and now have 28/92 hp.
Unknown command.
You slash the slime creature!
You kill the slime creature!
You slash the slime creature! You hit the slime creature.
You block the slime creature's attack.
The slime creature hits you but does no damage. 😨 HP[+1] Unknown command.
You hit the slime creature but do no damage. x2
The slime creature hits you but does no damage.
You block the slime creature's attack.
You completely miss the slime creature.
You bite the slime creature, but do no damage.
You hit the slime creature but do no damage.
The slime creature closely misses you.
The slime creature completely misses you. 😨 HP[+1]
You hit the slime creature. You slash the slime creature!
The slime creature hits you!
* * * LOW HITPOINT WARNING * * *
The slime creature hits you but does no damage.
Unknown command. 😱 HP[-10]
You take 10 damage, and now have 20/92 hp.
You hit the slime creature. You slash the slime creature!
The slime creature hits you!
* * * LOW HITPOINT WARNING * * *
The slime creature hits you.
You die...

Skill      XL: |  1  2  3  4  5  6  7  8  9 10 11 |
---------------+----------------------------------+-----
Short Blades   | 1 2 5 6 |  6.8
Long Blades    | 1 2 5 6 |  6.8
Maces & Flails | 1 2 5 6 |  6.8
Polearms       | 1 2 5 6 |  6.8
Staves         | 1 2 5 6 |  6.8
Ranged Weapons | 1 2 5 6 |  6.8
Throwing       | 1 2 5 6 |  6.8
Armour         | 1 2 5 6 |  6.8
Stealth        | 1 2 5 6 |  6.8
Shields        | 1 2 5 6 |  6.8
Unarmed Combat | 1 2 5 6 |  6.8
Spellcasting   | 1 2 5 6 |  6.8
Evocations     | 1 2 5 6 |  6.8
Conjurations   | 1 4 5 |  5.7
Hexes          | 1 4 5 |  5.7
Summonings     | 1 4 5 |  5.7
Necromancy     | 1 4 5 |  5.7
Translocations | 1 4 5 |  5.7
Transmutations | 1 4 5 |  5.7
Fire Magic     | 1 4 5 |  5.7
Ice Magic      | 1 4 5 |  5.7
Air Magic      | 1 4 5 |  5.7
Earth Magic    | 1 4 5 |  5.7
Poison Magic   | 1 4 5 |  5.7
Invocations    | 3 6 7 8 |  8.0
Fighting       | 7 8 9 |  9.6
Axes           | 7 8 9 |  9.6
Dodging        | 7 8 9 |  9.6

Action                     |  1- 3 |  4- 6 |  7- 9 | 10-12 || total
---------------------------+-------+-------+-------+-------++-------
  Melee: War axe           |    75 |    93 |   244 |   371 ||   783
         Bite              |     7 |    11 |    34 |    40 ||    92
         Punch             |     2 |       |     7 |    24 ||    33
         Mace              |       |    21 |       |       ||    21
 Invoke: Curse Item        |       |     1 |     3 |       ||     4
    Use: Scroll            |     2 |     8 |       |       ||    10
         Potion            |       |       |     7 |       ||     7
   Stab: Sleeping          |     3 |     3 |     4 |     3 ||    13
 Armour: Leather armour    |    17 |     8 |       |       ||    25
         Ring mail         |       |    17 |    91 |   114 ||   222
         Skin              |       |       |    19 |       ||    19
  Dodge: Dodged            |    52 |    78 |   183 |   248 ||   561
  Block: Other             |       |    22 |    75 |    96 ||   193
         Reflection        |       |     2 |       |     2 ||     4

Levels and vault maps discovered:
D:1:      lightli_arrival_maybe_door_vault, layout_basic, serial_shops,
          nicolae_shop_tiny_glass, dreamdust_ecumenical_altar_statues
D:2:      layout_rooms, chequers_serial_rivers_small_3, uniq_crazy_yiuf_cottage
D:3:      layout_basic, nicolae_qazlal_general_emergency
D:4:      layout_basic, minmay_temple_entry_wispy, gammafunk_ghost_smash
D:5:      layout_rooms, serial_glass, glass_columns_a, glass_columns_a,
          glass_columns_b, serial_shops, nicolae_shop_gaudy_bauble,
          gammafunk_ghost_split
D:6:      layout_loops_cross, makhleb_grotto_becter
D:7:      layout_loops_cross, kennysheep_cluttered_room
D:8:      layout_rooms, gammafunk_ghost_abyssal_escape,
          guppyfry_early_elven_hall
D:9:      layout_loops_ring, uniq_psyche
D:10:     layout_basic, david_orc_2
D:11:     layout_long_grid, minmay_lair_entry_grove, kennysheep_dice
Temple:   mainiacjoe_temple_cubbyholes

Notes
Turn   | Place    | Note
-------+----------+-------------------------------------------
     0 | D:1      | ytrimaz the Gnoll Wanderer began the quest for the Orb.
     0 | D:1      | ytrimaz set off with the following items: a +1 war axe, a
                  | +0 helmet, a scroll of fear, a +0 leather armour.
     0 | D:1      | Reached XP level 1. HP: 23/23 MP: 2/2
     0 | D:1      | magus.rc [v1.9.6]
    84 | D:1      | Found a faded altar of an unknown god.
   142 | D:1      | Reached XP level 2. HP: 29/29 MP: 3/3
   242 | D:1      | Found Heises's General Store.
   512 | D:1      | Reached XP level 3. HP: 35/35 MP: 4/4
   808 | D:2      | Identified the ring "Nomyniki" {Fly Str-2 Dex+8}
   980 | D:2      | Found a runed translucent door.
   981 | D:2      | Noticed Crazy Yiuf
  1283 | D:3      | Reached skill level 1 in Short Blades
  1283 | D:3      | Reached skill level 1 in Long Blades
  1283 | D:3      | Reached skill level 1 in Maces & Flails
  1283 | D:3      | Reached skill level 1 in Polearms
  1283 | D:3      | Reached skill level 1 in Staves
  1283 | D:3      | Reached skill level 1 in Ranged Weapons
  1283 | D:3      | Reached skill level 1 in Throwing
  1283 | D:3      | Reached skill level 1 in Armour
  1283 | D:3      | Reached skill level 1 in Stealth
  1283 | D:3      | Reached skill level 1 in Shields
  1283 | D:3      | Reached skill level 1 in Unarmed Combat
  1283 | D:3      | Reached skill level 1 in Spellcasting
  1283 | D:3      | Reached skill level 1 in Evocations
  1373 | D:3      | Reached XP level 4. HP: 38/41 MP: 6/6
  1436 | D:3      | Found a stormy altar of Qazlal.
  1572 | D:3      | You add the spells Tukima's Dance, Passage of Golubria and
                  | Yara's Violent Unravelling to your library.
  1622 | D:3      | HP: 10/41 [orc wizard/+0 dagger (3)]
  1625 | D:3      | Reached skill level 1 in Conjurations
  1625 | D:3      | Reached skill level 1 in Hexes
  1625 | D:3      | Reached skill level 1 in Summonings
  1625 | D:3      | Reached skill level 1 in Necromancy
  1625 | D:3      | Reached skill level 1 in Translocations
  1625 | D:3      | Reached skill level 1 in Transmutations
  1625 | D:3      | Reached skill level 1 in Fire Magic
  1625 | D:3      | Reached skill level 1 in Ice Magic
  1625 | D:3      | Reached skill level 1 in Air Magic
  1625 | D:3      | Reached skill level 1 in Earth Magic
  1625 | D:3      | Reached skill level 1 in Poison Magic
  1625 | D:3      | Reached skill level 3 in Invocations
  1626 | D:3      | Reached XP level 5. HP: 12/47 MP: 7/7
  2375 | D:4      | Reached XP level 6. HP: 27/53 MP: 8/8
  2575 | D:4      | Found a transporter.
  2576 | D:4      | Noticed Rexy's ghost (amateur GrFi)
  2576 | D:4      | Identified the +8 dire flail of Taighoop {heavy, +Blink
                  | rElec Dex+6}
  2577 | D:4      | Found a transporter.
  2600 | D:4      | Found a staircase to the Ecumenical Temple.
  2606 | Temple   | Entered the Ecumenical Temple
  2950 | Temple   | Became a worshipper of Ashenzari the Shackled
  3366 | D:5      | Entered Level 5 of the Dungeon
  3472 | D:5      | Reached skill level 2 in Short Blades
  3472 | D:5      | Reached skill level 2 in Long Blades
  3472 | D:5      | Reached skill level 2 in Maces & Flails
  3472 | D:5      | Reached skill level 2 in Polearms
  3472 | D:5      | Reached skill level 2 in Staves
  3472 | D:5      | Reached skill level 2 in Ranged Weapons
  3472 | D:5      | Reached skill level 2 in Throwing
  3472 | D:5      | Reached skill level 2 in Armour
  3472 | D:5      | Reached skill level 2 in Stealth
  3472 | D:5      | Reached skill level 2 in Shields
  3472 | D:5      | Reached skill level 2 in Unarmed Combat
  3472 | D:5      | Reached skill level 2 in Spellcasting
  3472 | D:5      | Reached skill level 2 in Evocations
  3641 | D:5      | Found a runed translucent gate.
  3642 | D:5      | Found a runed translucent gate.
  3643 | D:5      | Found a runed translucent gate.
  3643 | D:5      | Noticed ryw's ghost (novice OpHW)
  3685 | D:5      | You pick up a book of Party Tricks and begin reading...
  3685 | D:5      | You add the spells Apportation and Alistair's Intoxication
                  | to your library.
  3706 | D:5      | Reached skill level 7 in Fighting
  3706 | D:5      | Reached skill level 7 in Axes
  3706 | D:5      | Reached skill level 7 in Dodging
  3706 | D:5      | Reached XP level 7. HP: 56/60 MP: 10/10
  3887 | D:5      | Found Fawi's Jewellery Emporium.
  4106 | D:6      | Reached skill level 2 in Conjurations
  4106 | D:6      | Reached skill level 2 in Hexes
  4106 | D:6      | Reached skill level 2 in Summonings
  4106 | D:6      | Reached skill level 2 in Necromancy
  4106 | D:6      | Reached skill level 2 in Translocations
  4106 | D:6      | Reached skill level 2 in Transmutations
  4106 | D:6      | Reached skill level 2 in Fire Magic
  4106 | D:6      | Reached skill level 2 in Ice Magic
  4106 | D:6      | Reached skill level 2 in Air Magic
  4106 | D:6      | Reached skill level 2 in Earth Magic
  4106 | D:6      | Reached skill level 2 in Poison Magic
  4119 | D:6      | You pick up a book of Displacement and begin reading...
  4119 | D:6      | You add the spells Lesser Beckoning, Gell's Gravitas and
                  | Teleport Other to your library.
  4246 | D:6      | Reached skill level 4 in Invocations
  4409 | D:6      | Reached * piety under Ashenzari
  4409 | D:6      | Identified a potion of experience
  4410 | D:6      | Reached skill level 8 in Fighting
  4410 | D:6      | Reached skill level 5 in Short Blades
  4410 | D:6      | Reached skill level 5 in Long Blades
  4410 | D:6      | Reached skill level 8 in Axes
  4410 | D:6      | Reached skill level 5 in Maces & Flails
  4410 | D:6      | Reached skill level 5 in Polearms
  4410 | D:6      | Reached skill level 5 in Staves
  4410 | D:6      | Reached skill level 5 in Ranged Weapons
  4410 | D:6      | Reached skill level 5 in Throwing
  4410 | D:6      | Reached skill level 5 in Armour
  4410 | D:6      | Reached skill level 8 in Dodging
  4410 | D:6      | Reached skill level 5 in Stealth
  4410 | D:6      | Reached skill level 5 in Shields
  4410 | D:6      | Reached skill level 5 in Unarmed Combat
  4410 | D:6      | Reached skill level 5 in Spellcasting
  4410 | D:6      | Reached skill level 4 in Conjurations
  4410 | D:6      | Reached skill level 4 in Hexes
  4410 | D:6      | Reached skill level 4 in Summonings
  4410 | D:6      | Reached skill level 4 in Necromancy
  4410 | D:6      | Reached skill level 4 in Translocations
  4410 | D:6      | Reached skill level 4 in Transmutations
  4410 | D:6      | Reached skill level 4 in Fire Magic
  4410 | D:6      | Reached skill level 4 in Ice Magic
  4410 | D:6      | Reached skill level 4 in Air Magic
  4410 | D:6      | Reached skill level 4 in Earth Magic
  4410 | D:6      | Reached skill level 4 in Poison Magic
  4410 | D:6      | Reached skill level 6 in Invocations
  4410 | D:6      | Reached skill level 5 in Evocations
  4410 | D:6      | Reached XP level 8. HP: 71/71 MP: 12/17
  4588 | D:6      | Reached XP level 9. HP: 60/77 MP: 18/18
  4772 | D:6      | Found a burning altar of Makhleb.
  4915 | D:7      | HP: 17/75 [wight/+4 trident (6)]
  5442 | D:7      | Reached ** piety under Ashenzari
  6122 | D:8      | Found a transporter.
  6133 | D:8      | Noticed a troll
  6143 | D:8      | HP: 17/78 [troll (11)]
  6144 | D:8      | HP: 7/78 [troll (9)]
  6147 | D:8      | Killed a troll
  6163 | D:8      | Reached skill level 7 in Invocations
  6163 | D:8      | HP: 16/112 [orc/+0 club (2)]
  6168 | D:8      | HP: 20/112 [orc/+0 mace (3)]
  6170 | D:8      | Identified the cursed +0 helmet "Per Aspera Ad Scientiam"
                  | {Fort, Alch}
  6170 | D:8      | Identified the cursed +0 pair of gloves "Perceptive
                  | Visionary" {Bglg, Alch} (You found it on level 3 of the
                  | Dungeon)
  6170 | D:8      | Identified the cursed +0 pair of boots of Toth-Mos's Legacy
                  | {Self, Elem} (You found it on level 5 of the Dungeon)
  6171 | D:8      | HP: 4/78 [wight/+3 battleaxe (8)]
  6419 | D:7      | magus.rc [v1.9.6]
  6704 | D:8      | Noticed a deep elf zephyrmancer
  6717 | D:8      | Killed a deep elf zephyrmancer
  6718 | D:8      | Reached skill level 9 in Fighting
  6718 | D:8      | Reached skill level 6 in Short Blades
  6718 | D:8      | Reached skill level 6 in Long Blades
  6718 | D:8      | Reached skill level 9 in Axes
  6718 | D:8      | Reached skill level 6 in Maces & Flails
  6718 | D:8      | Reached skill level 6 in Polearms
  6718 | D:8      | Reached skill level 6 in Staves
  6718 | D:8      | Reached skill level 6 in Ranged Weapons
  6718 | D:8      | Reached skill level 6 in Throwing
  6718 | D:8      | Reached skill level 6 in Armour
  6718 | D:8      | Reached skill level 9 in Dodging
  6718 | D:8      | Reached skill level 6 in Stealth
  6718 | D:8      | Reached skill level 6 in Shields
  6718 | D:8      | Reached skill level 6 in Unarmed Combat
  6718 | D:8      | Reached skill level 6 in Spellcasting
  6718 | D:8      | Reached skill level 5 in Conjurations
  6718 | D:8      | Reached skill level 5 in Hexes
  6718 | D:8      | Reached skill level 5 in Summonings
  6718 | D:8      | Reached skill level 5 in Necromancy
  6718 | D:8      | Reached skill level 5 in Translocations
  6718 | D:8      | Reached skill level 5 in Transmutations
  6718 | D:8      | Reached skill level 5 in Fire Magic
  6718 | D:8      | Reached skill level 5 in Ice Magic
  6718 | D:8      | Reached skill level 5 in Air Magic
  6718 | D:8      | Reached skill level 5 in Earth Magic
  6718 | D:8      | Reached skill level 5 in Poison Magic
  6718 | D:8      | Reached skill level 6 in Evocations
  6718 | D:8      | Reached XP level 10. HP: 85/85 MP: 20/20
  6997 | D:8      | Noticed osoart's ghost (novice DrTm)
  7010 | D:8      | Noticed a purple ugly thing
  7022 | D:8      | Found a one-way gate to the infinite horrors of the Abyss.
  7103 | D:8      | Found a transporter.
  7866 | D:9      | Noticed a two-headed ogre
  7878 | D:9      | Killed a two-headed ogre
  8035 | D:9      | You pick up a book of Chaos and begin reading...
  8035 | D:9      | You add the spells Conjure Ball Lightning, Disjunction and
                  | Discord to your library.
  8069 | D:9      | Noticed Psyche
  8112 | D:9      | Killed Psyche
  8411 | D:9      | Reached XP level 11. HP: 79/92 MP: 22/22
  8713 | D:10     | Entered Level 10 of the Dungeon
  8935 | D:10     | Found a staircase to the Orcish Mines.
  9101 | D:10     | HP: 23/92 [killer bee (4)]
  9112 | D:10     | HP: 14/92 [killer bee (8)]
  9117 | D:10     | HP: 8/92 [poisoned by a killer bee]
  9526 | D:10     | HP: 23/92 [acid dragon/splash of acid (28)]
 10288 | D:11     | Reached skill level 8 in Invocations
 10309 | D:11     | HP: 20/92 [slime creature (10)]
 10310 | D:11     | HP: 5/92 [slime creature (15)]
 10310 | D:11     | Slain by a slime creature

Vanquished Creatures
  A two-headed ogre (D:9)
  A deep elf zephyrmancer (D:8)
  A kobold demonologist (D:10)
  Psyche (D:9)
  4 trolls
  3 slime creatures (D:11)
  A wyvern (D:9)
  4 yaks (D:9)
  A steam dragon (D:8)
  An acid dragon (D:10)
  2 water moccasins
  4 orc warriors
  An ice beast (D:7)
  An ogre (D:6)
  2 kobold brigands (D:10)
  3 bullfrogs
  2 gnoll sergeants
  3 scorpions
  16 wights
  19 killer bees
  A howler monkey (D:8)
  A jelly (D:5)
  4 hounds
  7 orc priests
  A gnoll bouda (D:7)
  8 orc wizards
  A sleepcap (D:7)
  3 iguanas (D:5)
  9 gnolls
  8 adders
  2 shadow imps
  A white imp (D:5)
  2 ufetubi
  6 dart slugs
  40 orcs
  5 endoplasms
  6 goblins
  3 hobgoblins
  4 quokkas
  4 ball pythons (D:1)
  4 bats
  A frilled lizard (D:1)
  8 kobolds
  4 rats
204 creatures vanquished.

Vanquished Creatures (others)
  An orc wizard (D:7)
  An orc (D:8)
2 creatures vanquished.

Grand Total: 206 creatures vanquished

Table legend:
 A = Non-vault XP
 B = Vault XP
 C = Vault XP percentage of total XP
 D = Non-vault monster count
 E = Vault monster count
 F = Vault count percentage of total count
                 A         B        C        D         E       F
            +---------+---------+-------+---------+---------+-------
      Total |   10102 |    1007 |   9.1 |     197 |       9 |   4.4
            +---------+---------+-------+---------+---------+-------
        D:1 |      35 |       0 |   0.0 |      19 |       0 |   0.0
        D:2 |      28 |       0 |   0.0 |       7 |       0 |   0.0
        D:3 |     131 |       0 |   0.0 |      19 |       0 |   0.0
        D:4 |     147 |       0 |   0.0 |      15 |       0 |   0.0
        D:5 |     330 |       0 |   0.0 |      15 |       0 |   0.0
        D:6 |     730 |      11 |   1.5 |      14 |       1 |   6.7
        D:7 |    1229 |       0 |   0.0 |      27 |       0 |   0.0
        D:8 |    1268 |     625 |  33.0 |      18 |       1 |   5.3
        D:9 |    3543 |     353 |   9.1 |      33 |       1 |   2.9
       D:10 |    1947 |      18 |   0.9 |      27 |       6 |  18.2
       D:11 |     714 |       0 |   0.0 |       3 |       0 |   0.0
            +---------+---------+-------+---------+---------+-------

Skill      XL: |  1  2  3  4  5  6  7  8  9 10 11 |
---------------+----------------------------------+-----
Short Blades   | 1 2 5 6 |  6.8
Long Blades    | 1 2 5 6 |  6.8
Maces & Flails | 1 2 5 6 |  6.8
Polearms       | 1 2 5 6 |  6.8
Staves         | 1 2 5 6 |  6.8
Ranged Weapons | 1 2 5 6 |  6.8
Throwing       | 1 2 5 6 |  6.8
Armour         | 1 2 5 6 |  6.8
Stealth        | 1 2 5 6 |  6.8
Shields        | 1 2 5 6 |  6.8
Unarmed Combat | 1 2 5 6 |  6.8
Spellcasting   | 1 2 5 6 |  6.8
Evocations     | 1 2 5 6 |  6.8
Conjurations   | 1 4 5 |  5.7
Hexes          | 1 4 5 |  5.7
Summonings     | 1 4 5 |  5.7
Necromancy     | 1 4 5 |  5.7
Translocations | 1 4 5 |  5.7
Transmutations | 1 4 5 |  5.7
Fire Magic     | 1 4 5 |  5.7
Ice Magic      | 1 4 5 |  5.7
Air Magic      | 1 4 5 |  5.7
Earth Magic    | 1 4 5 |  5.7
Poison Magic   | 1 4 5 |  5.7
Invocations    | 3 6 7 8 |  8.0
Fighting       | 7 8 9 |  9.6
Axes           | 7 8 9 |  9.6
Dodging        | 7 8 9 |  9.6

Action                     |  1- 3 |  4- 6 |  7- 9 | 10-12 || total
---------------------------+-------+-------+-------+-------++-------
  Melee: War axe           |    75 |    93 |   244 |   371 ||   783
         Bite              |     7 |    11 |    34 |    40 ||    92
         Punch             |     2 |       |     7 |    24 ||    33
         Mace              |       |    21 |       |       ||    21
 Invoke: Curse Item        |       |     1 |     3 |       ||     4
    Use: Scroll            |     2 |     8 |       |       ||    10
         Potion            |       |       |     7 |       ||     7
   Stab: Sleeping          |     3 |     3 |     4 |     3 ||    13
 Armour: Leather armour    |    17 |     8 |       |       ||    25
         Ring mail         |       |    17 |    91 |   114 ||   222
         Skin              |       |       |    19 |       ||    19
  Dodge: Dodged            |    52 |    78 |   183 |   248 ||   561
  Block: Other             |       |    22 |    75 |    96 ||   193
         Reflection        |       |     2 |       |     2 ||     4

Illustrated notes

Table legend:
 A = Kills in this place as a percentage of kills in the entire game.
 B = Kills by you in this place as a percentage of kills by you in the entire game.
 C = Kills by friends in this place as a percentage of kills by friends in the entire game.
 D = Other kills in this place as a percentage of other kills in the entire game.
 E = Experience gained in this place as a percentage of experience gained in the entire game.
 F = Experience gained in this place divided by the number of levels of this place that you have seen.
                   A       B       C       D       E      F
               +-------+-------+-------+-------+-------+----------------------
         Total | 100.0 | 100.0 |   N/A | 100.0 | 100.0 | 925.8
       Dungeon | 100.0 | 100.0 |   N/A | 100.0 | 100.0 | 1009.9
               +-------+-------+-------+-------+-------+----------------------

Table legend: (Time is in decaauts)
 A = Elapsed time spent in this place.
 B = Non-inter-level travel time spent in this place.
 C = Inter-level travel time spent in this place.
 D = Time resting spent in this place.
 E = Time spent auto-exploring this place.
 F = Levels seen in this place.
 G = Mean time per level.
                   A        B        C        D        E       F      G
               +--------+--------+--------+--------+--------+-----+--------+
         Total |  10351 |   9931 |    420 |    433 |   7748 |  12 |  862.6 |
       Dungeon |   9963 |   9639 |    324 |    433 |   7461 |  11 |  905.7 |
        Temple |    387 |    291 |     96 |      0 |    287 |   1 |  387.0 |
               +--------+--------+--------+--------+--------+-----+--------+

Top non-repeatable levels by time:
     D:9: 1542 daAuts
    D:10: 1478 daAuts
     D:7: 1329 daAuts
     D:4: 992 daAuts
     D:6: 945 daAuts
     D:1: 813 daAuts
     D:8: 808 daAuts
     D:5: 742 daAuts
     D:3: 723 daAuts
     D:2: 475 daAuts
  Temple: 387 daAuts
    D:11: 112 daAuts
